Map: Lerilak Crest

Players

Miltreta

  • Race: Terran Terran

SaNGaE - Winner!

  • Race: Terran Terran

VOD

Have the link to the VOD?

Description

Time

  • Played on: March 10, 2016, 6:47 a.m.
  • Length: 8:44
Show
View Real Time Build Order
Export as new Build Order

Miltreta Terran 

Build Orders: Reaper Expand 

Get SALT Encoding   

  12  0:00  SCV  
  13  0:14  SCV  
  14  0:26  Supply Depot  
  14  0:28  Refinery  
  14  0:29  SCV  
  15  0:56  Supply Depot  
  15  0:59  Barracks  
  15  1:38  SCV  
  16  1:50  Engineering Bay  
  16  1:51  Reaper  
  17  2:01  Barracks  
  17  2:32  Marine  
  18  2:49  Orbital Command  
  18  2:59  Marine  
  18  3:03  Terran Infantry Weapons Level 1  
  19  3:10  Barracks Tech Lab  
  19  3:16  Marine  
  20  3:30  Command Center  
  20  3:32  Factory, SCV  
  21  3:41  Refinery  
  21  4:17  Barracks Tech Lab  
  21  4:24  Widow Mine  
  23  4:33  Missile Turret  
  23  4:39  Supply Depot, Bunker  
  23  4:45  Missile Turret  
  23  4:47  Engineering Bay  
  23  4:52  Widow Mine  
  23  4:56  Starport  
  23  4:58  Marine  
  23  4:59  Marine  
  27  5:02  Concussive Shells  
  27  5:04  Combat Shields  
  27  5:17  Marauder x2  
  27  5:18  SCV  
  26  5:46  Neosteel Frame  
  26  5:52  Orbital Command  
  26  5:57  SCV  
  27  6:04  Widow Mine  
  29  6:11  Medivac  
  31  6:25  SCV  
  32  6:32  Command Center  
  32  6:33  Widow Mine, Marine x2  
  36  6:46  Barracks  
  36  6:51  Marine x2  
  36  6:52  SCV  
  40  6:54  SCV  
  40  7:05  Factory Tech Lab  
Show
View Real Time Build Order
Export as new Build Order

SaNGaE Terran - Winner!

Build Orders:  

Get SALT Encoding   

  12  0:10  SCV  
  13  0:22  Supply Depot  
  13  0:27  SCV  
  14  0:39  SCV  
  15  0:47  Barracks  
  15  0:51  SCV  
  16  1:03  SCV  
  17  1:05  Refinery  
  17  1:06  Refinery  
  17  1:16  SCV  
  18  1:19  Refinery  
  17  1:28  SCV  
  18  1:35  Supply Depot  
  18  1:40  SCV  
  18  1:42  Barracks Tech Lab  
  19  1:52  SCV  
  20  1:59  Factory  
  20  2:05  Bunker  
  20  2:14  Stimpack  
  20  2:20  Marauder  
  22  2:29  Orbital Command  
  22  2:41  Supply Depot  
  22  2:53  Starport  
  22  3:07  Armory  
  22  3:15  Factory Reactor  
  22  3:17  Factory Tech Lab  
  22  3:37  Barracks  
  22  3:40  Medivac  
  24  3:44  SCV  
  25  3:56  SCV  
  25  3:59  Thor  
  32  4:05  Marauder  
  34  4:12  SCV  
  35  4:24  Barracks Reactor  
  35  4:50  SCV  
  35  4:52  Marauder  
  38  5:12  Supply Depot  
  38  5:15  Medivac, Thor  
  46  5:38  SCV  
  46  5:40  Marine x2  
  41  5:48  Command Center  
  41  6:06  Medivac, Thor  
  49  6:15  SCV  
  50  6:26  Marine x2  
  50  6:27  Marauder  
  54  6:48  Terran Vehicle And Ship Armor Level 1, Supply Depot x2  
  54  6:49  Marine  
  55  7:00  Marine  
  56  7:03  Marauder  
  56  7:04  Concussive Shells  
  56  7:07  Marine  
  59  7:15  SCV x2  
  61  7:18  Marine  
  48  8:19  Marine x2  
  50  8:20  Marauder  
Tags
 
Add a new tag
Caveats
  • Supply blocks, unpowered buildings, or Contaminate may cause inaccurate times.
  • Supply counts are checked every 10 seconds.